 Dungeon Crawl Stone Soup version 0.25-a0-310-g60f0ac2d9a (webtiles) character file.

Game seed: 4072146064136537087, levelgen mode: deterministic

99 MirrMurr the Shooter (level 4, -3/38 HPs)
             Began as a Centaur Hunter on Dec 24, 2019.
             Slain by Robin
             ... wielding a +6 whip of pain
              (7 damage)
             ... on level 3 of the Dungeon.
             The game lasted 00:06:24 (2791 turns).

MirrMurr the Shooter (Centaur Hunter)               Turns: 2791, Time: 00:06:25

Health: -3/38      AC:  5    Str: 16    XL:     4   Next: 45%
Magic:  4/4        EV:  9    Int: 10    God:
Gold:   151        SH:  0    Dex:  9    Spells: 3/3 levels left

rFire    + . .     SeeInvis .   b - +0 spear
rCold    . . .     Gourm    .   (no shield)
rNeg     . . .     Faith    .   c - +0 leather armour
rPois    .         Spirit   .   h - +0 helmet
rElec    .         Reflect  .   (no cloak)
rCorr    .         Harm     .   (no gloves)
MR       .....                  (no barding)
Stlth    +.........             (no amulet)
HPRegen  0.12/turn              t - ring of protection from fire
MPRegen  0.09/turn              (no ring)

@: very quick
A: large, hooves 3, deformed body, speed 2, tough skin 3
a: no special abilities


You were on level 3 of the Dungeon.
You were not hungry.

You visited 1 branch of the dungeon, and saw 3 of its levels.

You collected 151 gold pieces.

Inventory:

Hand Weapons
 a - a +1 shortbow
 b - a +0 spear (weapon)
 i - a cursed -3 whip
Missiles
 d - 45 arrows
 m - 92 stones (quivered)
 p - 8 poisoned darts
Armour
 c - a +0 leather armour (worn)
 h - a +0 helmet (worn)
 j - a +0 plate armour
 n - a +0 chain mail
Jewellery
 t - a ring of protection from fire (left hand)
 w - a +3 ring of strength {unknown}
Wands
 u - a wand of acid (5)
Scrolls
 e - a scroll of random uselessness {unknown}
 k - a scroll of immolation
 l - a scroll of magic mapping {unknown}
 o - a scroll of amnesia {unknown}
 q - a scroll of fog {unknown}
 r - a scroll of teleportation {unknown}
 s - 2 scrolls of remove curse {unknown}
 x - a scroll of blinking {unknown}
Potions
 v - a potion of invisibility
Comestibles
 f - 5 rations


   Skills:
 + Level 3.1 Fighting
 * Level 7.1 Bows
 - Level 1.3 Dodging
 - Level 0.4 Stealth


You had 3 spell levels left.
You didn't know any spells.
Your spell library contained the following spells:

 Spells                   Type           Power        Failure   Level  Hunger
 Magic Dart               Conj           #...         43%         1    ##.....
 Searing Ray              Conj           #.....       56%         2    ###....
 Dazzling Flash           Conj/Hex       #.....       80%         3    ####...
 Fulminant Prism          Conj/Hex       #.........   99%         4    #####..
 Iskenderun's Mystic Bla  Conj/Tloc      #.......     99%         4    #####..


Dungeon Overview and Level Annotations

Branches:
Dungeon (3/15)

Altars:
Hepliaklqana
Ru

Annotations:
D:3 Robin


Innate Abilities, Weirdness & Mutations

You have hooves in place of feet.
Armour fits poorly on your strangely shaped body.
You cover ground very quickly.
You have extremely tough skin. (AC +3)


Message History

You hit Robin but do no damage.
Robin is severely wounded.
Robin hits you with a +6 whip of pain! Robin hits you with a +6 whip of pain.
* * * LOW HITPOINT WARNING * * *
You are too injured to fight recklessly!
You are too injured to fight recklessly!
You are too injured to fight recklessly!
Unknown command.
You hit Robin but do no damage.
Robin is severely wounded.
Robin roars a battlecry!
You hear a shout!
You hit Robin but do no damage. Your kick misses Robin.
Robin is severely wounded.
Robin hits you with a +6 whip of pain.
* * * LOW HITPOINT WARNING * * *
You barely miss Robin. Your kick misses Robin.
Robin is severely wounded.
Robin hits you with a +6 whip of pain!
You die...

#.#.# g# #.#.# g#
#.#.#######. .#
#........... .#
#.#############.#
#.#....g.gg..g..#
#.#g#############
#.#.# #@#.# #†g.#
#.### #.# ###


You could see Robin.

Vanquished Creatures
  A gnoll (D:1)
  3 adders
  A worm (D:3)
  A dart slug (D:1)
  A leopard gecko (D:2)
  An orc (D:3)
  4 giant cockroaches (D:2)
  9 goblins
  5 hobgoblins
  4 jackals (D:3)
  A quokka (D:3)
  2 ball pythons (D:2)
  6 bats
  7 frilled lizards
  4 kobolds
  5 rats
55 creatures vanquished.

Vanquished Creatures (others)
  8 toadstools (D:3)
8 creatures vanquished.

Grand Total: 63 creatures vanquished

Notes
Turn   | Place    | Note
-------+----------+-------------------------------------------
     0 | D:1      | MirrMurr the Centaur Hunter began the quest for the Orb.
     0 | D:1      | Reached XP level 1. HP: 17/17 MP: 1/1
   526 | D:2      | Reached XP level 2. HP: 18/25 MP: 2/2
   571 | D:1      | Reached skill level 6 in Bows
   826 | D:1      | Reached XP level 3. HP: 30/30 MP: 3/3
  1085 | D:2      | Found a sacrificial altar of Ru.
  1087 | D:2      | Found a hazy altar of Hepliaklqana.
  1867 | D:3      | Reached XP level 4. HP: 18/37 MP: 4/4
  2376 | D:3      | Reached skill level 7 in Bows
  2754 | D:3      | Noticed Robin
  2791 | D:3      | Slain by Robin

Levels and vault maps discovered:
D:1:      wander_arrival_desolate, layout_rooms, minmay_pentomino_u2
D:2:      layout_loops_cross, nicolae_overflow_hidden_temple,
          lightli_corner_chamber
D:3:      cheibrodos_fertilizer, layout_basic, chequers_serial_rivers_micro_e,
          kennysheep_another_room, uniq_robin

Skill      XL: |  1  2  3  4 |
---------------+-------------+-----
Bows           | 6 7 |  7.1
Fighting       | 3 |  3.1
Dodging        | |  1.3
Stealth        | |  0.4

Action                   |  1- 3 |  4- 6 || total
-------------------------+-------+-------++-------
Melee: Short sword       |    62 |       ||    62
       Kick              |    21 |    13 ||    34
       Spear             |    72 |    84 ||   156
 Fire: Shortbow          |     2 |       ||     2
  Use: Scroll            |     3 |       ||     3
  Eat: Chunk             |     2 |     3 ||     5
Armor: Leather armour    |    53 |    28 ||    81
Dodge: Dodged            |    85 |    28 ||   113

Table legend:
 A = Non-vault XP
 B = Vault XP
 C = Vault XP percentage of total XP
 D = Non-vault monster count
 E = Vault monster count
 F = Vault count percentage of total count
                 A         B        C        D         E       F
            +---------+---------+-------+---------+---------+-------
      Total |     132 |      10 |   7.0 |      50 |       5 |   9.1
            +---------+---------+-------+---------+---------+-------
        D:1 |      35 |       2 |   5.4 |      15 |       1 |   6.2
        D:2 |      43 |       0 |   0.0 |      19 |       0 |   0.0
        D:3 |      54 |       8 |  12.9 |      16 |       4 |  20.0
            +---------+---------+-------+---------+---------+-------
